 Dungeon Crawl Stone Soup version 0.29-a0-648-g6b26cc9f40 (webtiles) character file.

Game seed: 1340910852944257198

2538 ICEMaiden the Conjurer (level 9, -7/52 HPs)
             Began as a Deep Elf Conjurer on June 21, 2022.
             Was an Initiate of Sif Muna.
             Killed from afar by a steam dragon (17 damage)
             ... with a ball of steam
             ... on level 7 of the Dungeon.
             The game lasted 00:32:49 (7305 turns).

ICEMaiden the Conjurer (Deep Elf Conjurer)          Turns: 7305, Time: 00:32:49

Health: -7/52      AC:  7    Str:  4    XL:     9   Next: 30%
Magic:  19/19      EV: 16    Int: 28    God:    Sif Muna [......]
Gold:   241        SH:  0    Dex: 19    Spells: 7/19 levels left

rFire   . . .      SeeInvis .   a - staff of poison
rCold   . . .      Faith    .   (no shield)
rNeg    . . .      Spirit   .   y - +0 robe {Will+}
rPois   +          Reflect  .   z - +0 helmet
rElec   .          Harm     .   o - +2 cloak
rCorr   .          Rampage  .   v - +0 pair of gloves
Will    +....                   (no boots)
Stlth   ++++......              h - amulet of magic regeneration
HPRegen 0.17/turn               x - ring of flight
MPRegen 0.56/turn               C - +6 ring of dexterity

@: flying, hasted (expiring), very quick
A: no striking features
a: Renounce Religion


You were on level 7 of the Dungeon.
You worshipped Sif Muna.
Sif Muna was noncommittal.
You visited 2 branches of the dungeon, and saw 8 of its levels.
You also visited: Sewer.

You collected 241 gold pieces.

Inventory:

Armour
 o - a +2 cloak (worn)
 v - a +0 pair of gloves (worn)
 y - a +0 robe of willpower (worn)
 z - a +0 helmet (worn)
Magical Staves
 a - a staff of poison (weapon)
 b - a staff of earth
Jewellery
 h - an amulet of magic regeneration (around neck)
 r - an amulet of reflection
 s - a ring of positive energy
 x - a ring of flight (left hand)
 C - a +6 ring of dexterity (right hand)
Wands
 B - a wand of iceblast (2)
Scrolls
 d - a scroll of magic mapping {unknown}
 i - 3 scrolls of immolation {unknown}
 j - 2 scrolls of noise {unknown}
 k - a scroll of teleportation {unknown}
 m - 2 scrolls of amnesia
 q - a scroll of summoning {unknown}
 t - a scroll of enchant armour {unknown}
 u - a scroll of poison {unknown}
 A - a scroll of silence {unknown}
Potions
 c - 2 potions of might {unknown}
 e - 2 potions of cancellation
 f - 2 potions of haste
 g - 2 potions of curing
 l - 2 potions of magic
 n - 3 potions of heal wounds
 p - a potion of attraction {unknown}
 w - 3 potions of brilliance


   Skills:
 * Level 4.1 Fighting
 * Level 6.6 Dodging
 * Level 7.1 Stealth
 + Level 5.7 Spellcasting
 * Level 7.4 Conjurations
 + Level 3.7 Necromancy
 + Level 2.7 Air Magic
 - Level 2.2 Earth Magic
 + Level 2.7 Poison Magic


You had 7 spell levels left.
You knew the following spells:

 Your Spells              Type           Power      Damage    Failure   Level
a - Magic Dart            Conj           100%       1d8       1%          1
b - Swiftness             Air            23%        N/A       6%          3
d - Poisonous Vapours     Pois/Air       70%        N/A       3%          2
p - Corpse Rot            Necr/Pois/Air  38%        N/A       17%         4
s - Searing Ray           Conj           98%        2d8       1%          2

Your spell library contained the following spells:

 Spells                   Type           Power      Damage    Failure   Level
 Shock                    Conj/Air       100%       1d9       1%          1
 Sublimation of Blood     Necr           28%        N/A       1%          2
 Sting                    Tmut/Pois      92%        1d7       3%          1
 Dazzling Flash           Conj/Hex       56%        N/A       4%          3
 Passwall                 Tmut/Erth      11%        N/A       6%          2
 Ensorcelled Hibernation  Hex/Ice        16%        N/A       10%         2
 Fulminant Prism          Conj/Hex       14%        3d9       14%         4
 Iskenderun's Mystic Bla  Conj/Tloc      28%        2d7       14%         4
 Airstrike                Air            11%        N/A       21%         4
 Olgreb's Toxic Radiance  Pois           35%        N/A       21%         4
 Petrify                  Tmut/Erth      14%        N/A       36%         4
 Irradiate                Conj/Tmut      14%        3d18      36%         5


Dungeon Overview and Level Annotations

Branches:
Dungeon (7/15)             Temple (1/1) D:6           Sewer (visited)

Altars:
Ashenzari
Cheibriados
Dithmenos
Fedhas
Gozag
Hepliaklqana
Kikubaaqudgha
Makhleb
Nemelex Xobeh
Sif Muna
Uskayaw
Wu Jian
Yredelemnul
Zin
The Shining One

Annotations:
D:5 exclusion: downstairs


Message History

Press: ? - help, Q - select action, (/) - cycle Dir - move target, f - ogre
Aim: an ogre, wielding a +0 giant spiked club You feel a surge of power!
Poisonous vapours surround the ogre!
The ogre is poisoned.
You feel yourself speed up.
A steam dragon comes into view.
The water moccasin barely misses you. The water moccasin bites you.
The ogre attacks as you move away! The ogre barely misses you.
The water moccasin attacks as you move away!
The water moccasin misses you.
You start to feel a little faster.
The water moccasin misses you.
The water moccasin attacks as you move away!
The water moccasin completely misses you.
The water moccasin attacks as you move away!
The water moccasin bites you but does no damage.
Found a scroll labelled XIHATWOBAR.
The steam dragon breathes steam at you. The ball of steam hits you!
* * * LOW HITPOINT WARNING * * *
The water moccasin bites you.
* * * LOW HITPOINT WARNING * * *
The water moccasin is engulfed in a cloud of scalding steam.
The water moccasin barely misses you.
You no longer feel sluggish.
Found 6 stones.
The water moccasin bites you!
* * * LOW HITPOINT WARNING * * *
The sky beast flickers out of sight!
Deactivating autopickup; reactivate with Ctrl-A.
A sky beast appears from thin air!
Reactivating autopickup.
Things that are here:
a +0 giant club; a +0 giant club; a two-headed ogre corpse Your extra speed is starting to run out.
There is a stone staircase leading up here.
The steam dragon breathes steam at you. The ball of steam hits you!
You die...

............#
.............#
..##....##.## ..
###.#.###.#...#
#..........##....##
#....##.........## .
#...##.........# ..
#....#........## ..##
#..........@####
....###$.......§..#.#
.....#.........§S...###
.#.....O......§#......#
.......###....D#.....##
...............Y.....###
#.....##..?............#
#.......................
..?..........§..........


You could see a water moccasin and a sky beast.

Vanquished Creatures
  A two-headed ogre (D:7)
  Pikel (D:6)
  A water moccasin (D:5)
  2 ogres
  A centaur (D:6)
  2 phantoms (D:5)
  Blork the orc (D:6)
  2 bullfrogs (Sewer)
  A necrophage (D:4)
  A scorpion (D:5)
  An orc priest (D:5)
  2 hounds
  An iron imp (D:5)
  Terence (D:3)
  A gnoll shaman (D:6)
  9 orc wizards
  5 gnolls (D:6)
  11 adders
  4 worms
  2 dart slugs
  22 orcs
  9 endoplasms
  11 giant cockroaches
  10 goblins
  5 hobgoblins
  11 quokkas
  15 ball pythons
  5 bats
  7 frilled lizards
  5 kobolds
  6 rats
156 creatures vanquished.

Notes
Turn   | Place    | Note
-------+----------+-------------------------------------------
     0 | D:1      | ICEMaiden the Deep Elf Conjurer began the quest for the
                  | Orb.
     0 | D:1      | Reached XP level 1. HP: 10/10 MP: 6/6
   412 | D:1      | Reached XP level 2. HP: 16/16 MP: 6/8
  1053 | D:1      | Learned a level 2 spell: Searing Ray
  1222 | D:2      | Reached XP level 3. HP: 20/20 MP: 7/9
  1311 | D:2      | Found a faded altar of an unknown god.
  1529 | D:2      | Reached skill level 1 in Fighting
  1598 | D:2      | Learned a level 1 spell: Magic Dart
  1834 | D:3      | Noticed Terence
  2024 | D:3      | Reached XP level 4. HP: 25/25 MP: 9/11
  2055 | D:3      | Reached skill level 5 in Conjurations
  2096 | D:3      | Found an opulent altar of Gozag.
  2138 | D:3      | Killed Terence
  2837 | D:4      | Found a glowing drain.
  2848 | D:4      | Reached XP level 5. HP: 29/29 MP: 6/12
  2857 | Sewer    | Entered a sewer
  2988 | Sewer    | Reached skill level 1 in Earth Magic
  3098 | Sewer    | Reached skill level 1 in Necromancy
  3107 | Sewer    | Reached XP level 6. HP: 29/35 MP: 7/14
  3866 | D:5      | Entered Level 5 of the Dungeon
  3886 | D:5      | Learned a level 3 spell: Swiftness
  3961 | D:5      | Found a snail-covered altar of Cheibriados.
  4036 | D:5      | Reached XP level 7. HP: 35/40 MP: 10/15
  4205 | D:5      | Reached skill level 5 in Stealth
  4205 | D:5      | Reached skill level 1 in Air Magic
  4542 | D:5      | Found a glowing silver altar of Zin.
  4576 | D:5      | Learned a level 2 spell: Poisonous Vapours
  4590 | D:5      | Reached skill level 5 in Dodging
  4602 | D:5      | Reached XP level 8. HP: 27/46 MP: 8/17
  4819 | D:5      | Noticed a two-headed ogre
  4959 | D:5      | Found a basalt altar of Yredelemnul.
  4961 | D:5      | Noticed a profane servitor
  4974 | D:5      | Found a glowing golden altar of the Shining One.
  4976 | D:5      | Noticed an angel
  5437 | D:6      | Noticed Pikel
  5519 | D:5      | Learned a level 4 spell: Corpse Rot
  5883 | D:6      | Reached skill level 5 in Spellcasting
  5883 | D:6      | Reached skill level 1 in Poison Magic
  6022 | D:6      | Noticed Blork the orc
  6028 | D:6      | Killed Blork the orc
  6330 | D:6      | Killed Pikel
  6418 | D:6      | Found a blossoming altar of Fedhas.
  6661 | D:6      | Found a staircase to the Ecumenical Temple.
  6667 | Temple   | Entered the Ecumenical Temple
  7187 | Temple   | Became a worshipper of Sif Muna the Loreminder
  7235 | D:7      | Noticed a two-headed ogre
  7267 | D:7      | Killed a two-headed ogre
  7268 | D:7      | Reached XP level 9. HP: 34/52 MP: 17/19
  7305 | D:7      | Killed from afar by a steam dragon

Illustrated notes

Levels and vault maps discovered:
D:1:      tarquinn_simple_flora_water_b, layout_loops_ring,
          minmay_misc_feat_rugged, hangedman_decor_opposing,
          hangedman_abyss_or_decor_stabs, minmay_misc_feat_pillars,
          kennysheep_another_room
D:2:      minmay_door_path, layout_basic, ebering_ecumenical_altar_sacrificial
D:3:      layout_basic, mainiacjoe_overflow_alcove_4, minmay_distorted,
          uniq_terence
D:4:      layout_basic, cheibrodos_sewer_entry_sluice, kennysheep_generic_room_2
D:5:      layout_layer_cave, grunt_temple_overflow_holy_war, slow_altar_1,
          lemuel_doored_altar, lightli_corner_chamber
D:6:      layout_cave_pools, mainiacjoe_overflow_concentric_impassable,
          minmay_temple_entry_fiery, uniq_pikel, uniq_blork_the_orc
D:7:      layout_cave_pools, mainiacjoe_overflow_small_starburst,
          nrook_loot_triangle, uniq_menkaure
Temple:   compressed_dpeg_triangle_lava_temple

Skill      XL: |  1  2  3  4  5  6  7  8 |
---------------+-------------------------+-----
Dodging        | 3 4 5 6 |  6.6
Stealth        | 3 4 5 7 |  7.1
Fighting       | 1 2 3 4 |  4.1
Conjurations   | 5 6 7 |  7.4
Earth Magic    | 1 2 |  2.2
Necromancy     | 1 2 3 |  3.7
Spellcasting   | 4 5 |  5.7
Air Magic      | 1 2 |  2.7
Poison Magic   | 2 |  2.7

Action                   |  1- 3 |  4- 6 |  7- 9 || total
-------------------------+-------+-------+-------++-------
Melee: Staff             |       |     6 |     7 ||    13
 Cast: Magic Dart        |    87 |   120 |    32 ||   239
       Searing Ray       |       |    14 |    14 ||    28
       Poisonous Vapours |       |       |    92 ||    92
       Swiftness         |       |       |     1 ||     1
Evoke: Wand              |       |       |     3 ||     3
  Use: Scroll            |     3 |     4 |     1 ||     8
       Potion            |       |       |     2 ||     2
Armor: Robe              |     2 |     7 |    14 ||    23
Dodge: Dodged            |     6 |    22 |    44 ||    72

Table legend: (Time is in decaauts)
 A = Elapsed time spent in this place.
 B = Non-inter-level travel time spent in this place.
 C = Inter-level travel time spent in this place.
 D = Time resting spent in this place.
 E = Time spent auto-exploring this place.
 F = Levels seen in this place.
 G = Mean time per level.
                   A        B        C        D        E       F      G
               +--------+--------+--------+--------+--------+-----+--------+
         Total |   7331 |   6993 |    338 |    822 |   5030 |   9 |  814.6 |
       Dungeon |   6490 |   6182 |    308 |    819 |   4368 |   7 |  927.1 |
        Temple |    534 |    504 |     30 |      0 |    493 |   1 |  534.0 |
         Sewer |    306 |    306 |      0 |      3 |    169 |   1 |  306.0 |
               +--------+--------+--------+--------+--------+-----+--------+

Top non-repeatable levels by time:
     D:5: 1868 daAuts
     D:1: 1207 daAuts
     D:6: 962 daAuts
     D:3: 887 daAuts
     D:4: 782 daAuts
     D:2: 721 daAuts
  Temple: 534 daAuts
   Sewer: 306 daAuts
     D:7: 61 daAuts
